Map: Dusty Gorge

Players

Sinvay

  • Race: Zerg Zerg
  • Spawn Location: 9:00

cozias

  • Race: Protoss Protoss
  • League: Diamond
  • Spawn Location: 11:00

Denton - Winner!

  • Race: Zerg Zerg
  • Spawn Location: 5:00

ILIEKEGGPIE - Winner!

  • Race: Protoss Protoss
  • League: Platinum
  • Spawn Location: 3:00

VOD

Have the link to the VOD?

Description

Time

  • Played on: May 1, 2018, 6:57 p.m.
  • Length: 8:56
Show
View Real Time Build Order
Export as new Build Order

Sinvay Zerg 

Build Orders: Hatch First 

Get SALT Encoding   

  12  0:02  Drone  
  13  0:11  Drone  
  14  0:43  Overlord  
  14  0:45  Hatchery  
  13  0:57  Drone  
  13  1:01  Overlord  
  14  1:05  Drone  
  15  1:12  Drone  
  16  1:27  Drone  
  17  1:36  Spawning Pool  
  17  1:37  Drone  
  17  1:42  Overlord  
  17  2:11  Drone  
  17  2:12  Drone  
  19  2:17  Extractor  
  18  2:25  Overlord  
  18  2:29  Zergling x2  
  20  2:30  Zergling x2  
  20  2:31  Zergling x6  
  20  2:34  Queen  
  20  2:35  Queen  
  27  2:42  Zergling x2  
  28  2:44  Zergling x2  
  29  3:19  Metabolic Boost  
  29  3:25  Zergling x6  
  29  3:27  Zergling x6  
  34  3:31  Queen  
  34  3:32  Queen  
  39  3:38  Zergling x2  
  41  3:41  Zergling x2  
  41  3:58  Zergling x2  
  41  3:59  Zergling x4  
  41  4:00  Overlord  
  44  4:16  Baneling Nest  
  42  4:22  Zergling x2  
  42  4:23  Zergling x8  
  43  4:24  Zergling x2  
  42  4:40  Spine Crawler  
  41  4:46  Spine Crawler  
  40  4:54  Zergling x2  
  40  4:55  Spine Crawler  
  17  5:43  Roach Warren  
  16  5:53  Spine Crawler  
  16  5:56  Drone x2, Spine Crawler  
  8  6:35  Roach x3  
  8  6:39  Roach  
Show
View Real Time Build Order
Export as new Build Order

cozias Protoss 

Build Orders:  

Get SALT Encoding   

  12  0:00  Probe  
  13  0:13  Probe  
  14  0:18  Pylon  
  14  0:25  Probe  
  15  0:39  Gateway  
  15  0:41  Probe  
  16  0:46  Assimilator  
  16  0:54  Probe  
  16  0:55  Assimilator  
  17  1:02  Pylon  
  17  1:08  Probe  
  18  1:16  Probe  
  18  1:24  Probe  
  19  1:28  Cybernetics Core  
  20  1:36  Probe  
  21  1:48  Probe  
  22  2:00  Probe  
  23  2:05  Warp Gate  
  23  2:14  Nexus  
  23  2:22  Adept  
  25  2:34  Pylon, Probe  
  26  2:47  Probe  
  27  2:54  Adept  
  29  2:59  Probe  
  29  3:03  Robotics Facility  
  30  3:11  Probe  
  31  3:23  Probe  
  32  3:27  Probe  
  32  3:30  Stalker  
  32  3:33  Pylon  
  33  3:35  Probe  
  33  3:39  Probe  
  37  3:43  Probe  
  37  3:45  Gateway  
  38  3:51  Probe  
  38  3:54  Observer  
  40  3:58  Forge  
  40  4:00  Shield Battery  
  40  4:07  Probe x2  
  42  4:10  Assimilator  
  42  4:13  Immortal  
  42  4:17  Stalker  
  48  4:38  Robotics Facility  
  48  4:39  Probe x2  
  50  4:51  Protoss Ground Weapons Level 1, Probe  
  51  4:54  Immortal  
  51  4:58  Stalker  
  51  4:59  Stalker  
  55  5:06  Probe  
  60  5:10  Pylon  
  60  5:16  Pylon  
  58  5:48  Immortal  
  58  5:51  Immortal  
  58  5:55  Stalker x2  
  66  5:58  Probe x2  
  68  6:05  Gateway  
  68  6:07  Pylon  
  68  6:10  Probe  
  63  6:30  Immortal x2  
  71  6:45  Protoss Ground Armor Level 1  
  69  6:51  Stalker x2  
  72  6:59  Gateway, Probe  
  72  7:00  Probe  
  74  7:07  Stalker, Assimilator  
  76  7:17  Pylon  
  76  7:18  Pylon  
  76  7:21  Immortal  
  76  7:26  Immortal  
  82  7:43  Shield Battery  
  82  7:45  Shield Battery  
  82  7:46  Shield Battery  
  82  7:48  Shield Battery  
  82  7:49  Stalker, Pylon  
  82  7:50  Stalker, Sentry, Pylon  
  88  8:05  Observer  
  89  8:09  Sentry  
Show
View Real Time Build Order
Export as new Build Order

Denton Zerg - Winner!

Build Orders: Pool First, Roach Nydus 

Get SALT Encoding   

  12  0:02  Drone  
  13  0:13  Overlord  
  13  0:18  Drone  
  14  0:32  Drone x2  
  16  0:36  Drone  
  17  0:46  Drone  
  18  0:52  Spawning Pool  
  17  0:58  Drone  
  18  1:06  Extractor  
  18  1:09  Drone  
  18  1:18  Drone  
  19  1:34  Hatchery  
  19  1:39  Queen  
  20  2:01  Spore Crawler  
  19  2:10  Drone x3  
  22  2:30  Lair  
  22  2:31  Roach Warren  
  21  2:48  Drone x4  
  21  2:49  Extractor  
  24  3:01  Drone x2  
  26  3:15  Overlord x4  
  26  3:18  Queen  
  28  3:32  Glial Reconstitution  
  28  3:34  Roach x2  
  28  3:35  Roach  
  28  3:37  Overseer  
  34  3:45  Roach  
  34  3:46  Roach  
  38  3:53  Drone x2  
  40  4:06  Drone x4  
  44  4:14  Overseer  
  44  4:20  Roach x2  
  44  4:21  Roach  
  50  4:42  Evolution Chamber  
  49  4:54  Nydus Network  
  48  5:23  Roach  
  48  5:24  Roach x5  
  48  5:56  Zerg Missile Weapons Level 1  
  48  6:03  Drone x4, Extractor  
  48  6:04  Drone x2  
  53  6:05  Hydralisk Den  
  53  6:07  Extractor  
  51  6:23  Hatchery  
  50  6:33  Nydus Canal  
  46  6:55  Hydralisk  
  46  6:56  Hydralisk x5  
  58  7:14  Muscular Augments  
  58  7:40  Hydralisk  
  58  7:41  Hydralisk x3  
  66  7:47  Overlord x3  
  66  7:54  Overlord x4  
  66  8:04  Queen  
  68  8:06  Lurker Den  
  75  8:43  Evolution Chamber  
Show
View Real Time Build Order
Export as new Build Order

ILIEKEGGPIE Protoss - Winner!

Build Orders:  

Get SALT Encoding   

  12  0:02  Probe  
  13  0:14  Probe  
  14  0:19  Pylon  
  14  0:26  Probe  
  15  0:37  Probe  
  16  0:43  Gateway  
  16  0:45  Probe  
  16  0:57  Assimilator  
  16  1:01  Probe  
  17  1:09  Probe  
  17  1:13  Assimilator  
  18  1:19  Pylon  
  18  1:33  Cybernetics Core  
  18  1:34  Probe  
  19  1:46  Probe  
  20  1:48  Gateway  
  20  1:56  Probe  
  21  2:04  Probe  
  22  2:13  Warp Gate  
  22  2:14  Stalker  
  24  2:43  Robotics Facility  
  24  2:45  Stalker  
  24  2:47  Pylon  
  24  2:50  Stalker  
  28  3:24  Probe  
  29  3:31  Pylon  
  29  3:35  Stalker x2  
  33  3:44  Immortal  
  37  3:50  Shield Battery  
  37  3:52  Shield Battery  
  37  3:56  Pylon  
  37  4:01  Gateway  
  37  4:29  Pylon  
  37  4:44  Immortal  
  41  4:53  Shield Battery  
  41  4:54  Shield Battery  
  41  5:04  Zealot  
  41  5:05  Zealot x2  
  47  5:54  Shield Battery  
  47  5:55  Pylon x2  
  47  5:56  Pylon  
  47  5:58  Pylon  
  47  6:03  Pylon  
  47  6:06  Observer  
  46  6:31  Adept x3  
  52  6:49  Gateway  
  52  7:07  Stalker x2  
  54  7:11  Immortal  
  54  7:24  Stargate  
  52  7:42  Stargate  
  52  7:53  Sentry x3  
  58  8:01  Void Ray  
Tags
 
Add a new tag
Caveats
  • Supply blocks, unpowered buildings, or Contaminate may cause inaccurate times.
  • Supply counts are checked every 10 seconds.